AoeStats
← Infadel

Arabia

510485334Analyzed
1v1 RM · 1d ago on Oct 1, 2026· 43m 21s· 2 players
Game mode
Random Map
Map size
Tiny (2 player)
Population
200
Speed
Normal
Resources
Standard
Victory
Conquest
Starting age
Dark Age
Ending age
Imperial Age
RankedLock teamsTeams togetherTeam positionsShared explorationLock speedFull tech treeHidden civsTurbo modeCheats
Victory
Defeat
🇮🇳 Mongols · India
1070
+16
🇦🇷 Ethiopians · Argentina
1080
-16
Infadel
9:38 Feudal Age
10:42 Double-Bit Axe
10:46 Loom
18:05 Horse Collar
19:13 Gold Mining
21:51 Castle Age
21:38 Fletching
22:06 Padded Archer Armor
22:29 Bloodlines
21:54 Elite Skirmisher
23:08 Forging
24:24 Town Watch
24:51 Bow Saw
26:28 Wheelbarrow
28:24 Gold Shaft Mining
28:33 Bodkin Arrow
29:58 Stone Mining
29:48 Crossbowman
31:37 Thumb Ring
31:49 Leather Archer Armor
32:33 Heavy Plow
33:31 Stone Shaft Mining
35:05 Iron Casting
34:31 Scale Mail Armor
34:36 Scale Barding Armor
35:52 Ballistics
35:50 Hand Cart
37:04 Scale Barding Armor
36:34 Light Cavalry
38:09 Chain Barding Armor
42:21 Imperial Age
42:25 Onager
43:58 Drill
Caraxes the Blood Wyrm
6:53 Loom
9:11 Feudal Age
10:38 Double-Bit Axe
13:25 Horse Collar
22:00 Castle Age
20:40 Gold Mining
21:05 Padded Archer Armor
20:56 Fletching
21:08 Padded Archer Armor
23:06 Bodkin Arrow
22:33 Crossbowman
23:24 Bow Saw
25:33 Thumb Ring
31:10 Ballistics
32:24 Scale Mail Armor
32:37 Forging
32:31 Squires
34:05 Chain Mail Armor
35:32 Royal Heirs
36:11 Iron Casting
35:53 Leather Archer Armor
35:26 Town Watch
36:21 Stone Mining
37:04 Heavy Plow
38:32 Wheelbarrow
43:27 Imperial Age
Connection lost

Rejoining the realm…

Still unreachable

The connection could not be restored.

Session expired

The server has moved on; the page needs a fresh start.